 Dungeon Crawl Stone Soup version 0.30-a0-222-ge547ba4400 (webtiles) character file.

Game seed: 566633027458848705

20 qw the Shield-Bearer (level 2, -1/19 HPs)
             Began as a Gargoyle Fighter on Oct 8, 2022.
             Slain by Sigmund
             ... wielding a +4 scythe of freezing
              (4 damage)
             ... on level 2 of the Dungeon.
             The game lasted 00:00:20 (902 turns).

qw the Shield-Bearer (Gargoyle Fighter)              Turns: 902, Time: 00:00:20

Health: -1/19      AC:  9    Str: 19    XL:     2   Next: 79%
Magic:  2/2        EV:  9    Int:  8    God:
Gold:   53         SH:  4    Dex:  9    Spells: 1/1 levels left

rFire   . . .      SeeInvis .    Y - +0 war axe
rCold   + . .      Faith    .    c - +0 buckler
rNeg    + . .      Spirit   .    b - +0 scale mail
rPois   inf        Reflect  .    (no helmet)
rElec   +          Harm     .    (no cloak)
rCorr   .          Rampage  .    (no gloves)
Will    .....                    (no boots)
Stlth   ..........               (no amulet)
HPRegen 0.23/turn                j - ring of protection from cold
MPRegen 0.08/turn                (no ring)

@: no status effects
A: sickness immunity, AC +2, negative energy resistance 1, electricity
resistance, torment resistance 1, petrification resistance
a: no special abilities


You were on level 2 of the Dungeon.
You visited 1 branch of the dungeon, and saw 2 of its levels.

You collected 53 gold pieces.


Innate Abilities, Weirdness & Mutations

You are immune to sickness and miasma.
Your stone body is resilient. (AC +2)
You are immune to poison.
You resist negative energy. (rN+)
You are resistant to electric shocks. (rElec)
You are resistant to unholy torment.
You are immune to petrification.


   Skills:
 - Level 3.2 Fighting
 + Level 2.9 Axes
 - Level 3.2 Armour
 - Level 3.2 Shields


You had one spell level left.
You didn't know any spells.
Your spell library was empty.

Inventory:

Hand Weapons
 l - a +0 whip
 Y - a +0 war axe (weapon)
Armour
 b - a +0 scale mail (worn)
 c - a +0 buckler (worn)
Jewellery
 j - a ring of protection from cold (left hand)
Potions
 d - 2 potions of might
 h - a potion of haste {unknown}

Dungeon Overview and Level Annotations

Branches:
Dungeon (2/15)

Altars:

Annotations:
D:2 Sigmund


Message History

The ball python barely misses you. The ball python grabs you.
The ball python constricts you.
You escape the ball python's grasp.
Sigmund barely misses you. The ball python bites you.
The ball python barely misses you.
You bump into the rock wall.
Sigmund barely misses you.
The ball python bites you but does no damage.
The ball python grabs you. The ball python constricts you.
You miss the ball python. You closely miss Sigmund.
The ball python bites you but does no damage.
The ball python constricts you.
Sigmund hits you with a +4 scythe of freezing.
You escape the ball python's grasp.
The ball python barely misses you. The ball python grabs you.
The ball python constricts you.
You hit the ball python.
You kill the ball python!
You slash Sigmund! Sigmund barely misses you.
You hit Sigmund.
Sigmund is almost dead.
You feel less confused.
Sigmund points at you and mumbles some strange words.
You are confused.
Sigmund barely misses you.
You closely miss Sigmund.
Sigmund is almost dead.
Sigmund hits you with a +4 scythe of freezing!
Ouch! That really hurt!
Sigmund freezes you.
You bump into the rock wall.
Sigmund says, "Don't worry, I'll kill you fast."
Sigmund barely misses you.
You see here a ball python corpse.
Sigmund attacks as you move away!
Sigmund hits you with a +4 scythe of freezing.
You feel less confused.
Sigmund hits you from afar with a +4 scythe of freezing.
You die...

.# #.## .>...
..... #.....
#####+####...#
.............#
....##..@%@###
.. #.##..# #.#
#. #.## #.. #
#.# ##.. #.#
#...## #.# .
#.<####.#
#...##..#...#
...........#.#


You could see Sigmund.

Vanquished Creatures
  2 dart slugs (D:1)
  2 endoplasms (D:1)
  A giant cockroach (D:1)
  A hobgoblin (D:1)
  3 kobolds (D:1)
  A quokka (D:1)
  2 ball pythons
  2 bats (D:1)
14 creatures vanquished.

Vanquished Creatures (others)
  2 plants (D:1)
2 creatures vanquished.

Grand Total: 16 creatures vanquished

Notes
Turn   | Place    | Note
-------+----------+-------------------------------------------
     0 | D:1      | qw the Gargoyle Fighter began the quest for the Orb.
     0 | D:1      | Reached XP level 1. HP: 14/14 MP: 1/1
     0 | D:1      | 0 ||| qw: Version: 0.2-a-17-gfa9de96
     0 | D:1      | 0 ||| qw: Game counter: 1990
     0 | D:1      | 0 ||| qw: Always use a shield: true
     0 | D:1      | 0 ||| qw: God list: Okawaru
     0 | D:1      | 0 ||| qw: Allow faded altars: false
     0 | D:1      | 0 ||| qw: Do Orc after D:15 true
     0 | D:1      | 0 ||| qw: Do second Lair branch before Depths: true
     0 | D:1      | 0 ||| qw: Lair rune preference: random
     0 | D:1      | 0 ||| qw: Plans: Normal, Zot:1-4, God:TSO, Crypt, Tomb,
                  | Pan, Slime:5, Hells, Abyss, Orb
     0 | D:1      | 0 ||| PLANNING D:1-11
   256 | D:1      | Reached XP level 2. HP: 19/19 MP: 2/2
   631 | D:1      | 631 ||| DROPPING +0 club.
   841 | D:1      | 841 ||| UPGRADING to ring of protection from cold.
   842 | D:1      | 842 ||| READING scroll labelled REYLOFR BORO.
   843 | D:1      | 843 ||| READING 3 scrolls labelled CIKLIKK FEKEO.
   844 | D:1      | 844 ||| READING scroll labelled PONKAM XAFE.
   845 | D:1      | 845 ||| READING scroll labelled JUET WIRCHODD.
   850 | D:1      | 850 ||| DROPPING 2 scrolls of poison.
   886 | D:2      | Noticed Sigmund
   898 | D:2      | HP: 3/19 [Sigmund/+4 scythe of freezing (2)]
   902 | D:2      | Slain by Sigmund

Levels and vault maps discovered:
D:1:      dpeg_arrival_line_fractal, layout_basic, serial_forest,
          infiniplex_forest_corner_2, infiniplex_forest_clump_curved,
          infiniplex_forest_lined_room_2, infiniplex_forest_clump_double,
          infiniplex_forest_clump_C, infiniplex_forest_join,
          infiniplex_forest_pool, infiniplex_forest_diagonal,
          infiniplex_forest_straight_3
D:2:      layout_rooms, basic_altar, minmay_quadrilaterals, uniq_sigmund

Skill      XL: |  1 |
---------------+----+-----
Axes           | 2 |  2.9
Fighting       | |  3.2
Armour         | |  3.2
Shields        | |  3.2

Action                   || total
-------------------------++-------
Melee: War axe           ||    57
  Use: Scroll            ||     4
Armor: Scale mail        ||    40
Dodge: Dodged            ||    35
Block: Buckler           ||     5

Table legend:
 A = Non-vault XP
 B = Vault XP
 C = Vault XP percentage of total XP
 D = Non-vault monster count
 E = Vault monster count
 F = Vault count percentage of total count
                 A         B        C        D         E       F
            +---------+---------+-------+---------+---------+-------
      Total |      29 |       0 |   0.0 |      14 |       0 |   0.0
            +---------+---------+-------+---------+---------+-------
        D:1 |      27 |       0 |   0.0 |      13 |       0 |   0.0
        D:2 |       2 |       0 |   0.0 |       1 |       0 |   0.0
            +---------+---------+-------+---------+---------+-------
